 Dungeon Crawl Stone Soup version 0.26-a0-610-g3e9335bbc7 (webtiles) character file.

Game seed: 5035639039518966757

449 GeoCrane the Cudgeler (level 7, -1/61 HPs)
             Began as a Gargoyle Fighter on Sept 3, 2020.
             Slain by Edmund
             ... wielding a +2 flail of holy wrath
              (6 damage)
             ... on level 4 of the Dungeon.
             The game lasted 00:11:20 (3491 turns).

GeoCrane the Cudgeler (Gargoyle Fighter)            Turns: 3491, Time: 00:11:21

Health: -1/61      AC: 23    Str: 22    XL:     7   Next: 4%
Magic:  7/7        EV:  2    Int:  8    God:
Gold:   156        SH:  9    Dex:  9    Spells: 6/6 levels left

rFire    . . .     SeeInvis .   a - +1 flail
rCold    . . .     Faith    .   c - +0 kite shield
rNeg     + + +     Spirit   .   (armour currently unavailable)
rPois    ∞         Reflect  .   (helmet currently unavailable)
rElec    .         Harm     .   (cloak currently unavailable)
rCorr    .         NoTele   +   (gloves currently unavailable)
MR       .....                  (boots currently unavailable)
Stlth    +.........             (no amulet)
HPRegen  0.20/turn              (no ring)
MPRegen  0.10/turn              (no ring)

@: mighty, tree-form
A: negative energy resistance 1, petrification resistance, rot immunity, AC +4
a: no special abilities


You were on level 4 of the Dungeon.
You were a tree.
You visited 1 branch of the dungeon, and saw 4 of its levels.
You also visited: Sewer.

You collected 156 gold pieces.

Inventory:

Hand Weapons
 a - a +1 flail (weapon)
Missiles
 j - 5 curare-tipped darts (quivered)
Armour
 b - the cursed +1 leather armour of Darkness (melded) {MR- rCorr Dex+6 SInv}
   (You found it in a sewer)

   It affects your dexterity (+6).
   It affects your resistance to hostile enchantments.
   It lets you see invisible.
   It provides partial protection from all sources of acid and corrosion.
   It has a curse placed upon it.
 c - a +0 kite shield (worn)
 f - a +1 pair of gloves (melded)
 r - a +0 plate armour
Jewellery
 p - an uncursed ring of wizardry {unknown}
Scrolls
 e - 7 scrolls of identify
 l - 4 scrolls of teleportation
 o - 2 scrolls of magic mapping
Potions
 h - a potion of lignification
 i - a potion of curing {unknown}
 m - 3 potions of haste {unknown}
 n - a potion of stabbing {unknown}
 q - 2 potions of ambrosia {unknown}


   Skills:
 - Level 3.2 Fighting
 * Level 7.3 Maces & Flails
 - Level 3.2 Armour
 - Level 3.2 Shields


You had 6 spell levels left.
You didn't know any spells.
Your spell library contained the following spells:

 Spells                   Type           Power        Failure   Level
 Magic Dart               Conj           #...         89%         1
 Blink                    Tloc           N/A          96%         2
 Call Imp                 Summ           #.......     96%         2
 Slow                     Hex            #.......     96%         2
 Conjure Flame            Conj/Fire      #.......     99%         3
 Mephitic Cloud           Conj/Pois/Air  #.......     99%         3


Dungeon Overview and Level Annotations

Branches:
Dungeon (4/15)              Sewer (visited)
 Temple: D:4-7

Altars:
Ashenzari
Uskayaw

Annotations:
D:4 Edmund


Innate Abilities, Weirdness & Mutations

You are resistant to torment.
((Your stone body is resilient. (AC +4)))
You are immune to poison.
You resist negative energy. (rN+)
((You are resistant to electric shocks. (rElec)))
((You can survive without breathing.))
You are immune to petrification.
You are immune to rotting.


Message History

You see here 12 gold pieces.
Okay, then.
Okay, then.
Really quaff the potion of lignification?
You turn into a tree.
Your +1 pair of gloves melds into your body.
The cursed +1 leather armour of Darkness {MR- rCorr Dex+6 SInv} melds into your body.
Your roots penetrate the ground.
Edmund hits you but does no damage.
The orc priest looks braver for a moment.
You sock Edmund!
Edmund is moderately wounded.
You block Edmund's attack.
You closely miss Edmund.
Edmund is moderately wounded.
Edmund hits you but does no damage.
You bludgeon Edmund!!
Edmund is severely wounded.
The orc priest looks encouraged for a moment.
Edmund hits you with a +2 flail of holy wrath.
You die...

*,**#........#.............#*
,,,*#......................#
,,,,#....(...............<.#
,,.###.....................#
,,.......o#)))[...........##
,,......#)#..).......##..#####
,,....#.#.###..##........###.#
**.$.,#....>..o#....)........###
*..,*#......o.@♣..............#
**,...........###.............##
**,###...#....##..............#
,*,*...$.####................##
,*,......*
#.......#........#####
,,,...###*
#.#########..#........ ***##.,*
#.* ############ * **,* *,* *
*** **,**


You could see Edmund, an orc priest and an orc.

Vanquished Creatures
  3 bullfrogs
  An orc wizard (D:4)
  Jessica (D:2)
  9 adders
  An ooze (D:3)
  A worm (D:3)
  An adder skeleton (D:4)
  6 leopard geckos
  8 orcs
  8 giant cockroaches
  13 goblins
  3 hobgoblins
  3 quokkas
  6 ball pythons
  5 bats
  11 frilled lizards
  12 kobolds
  9 rats
101 creatures vanquished.

Notes
Turn   | Place    | Note
-------+----------+-------------------------------------------
     0 | D:1      | GeoCrane the Gargoyle Fighter began the quest for the Orb.
     0 | D:1      | Reached XP level 1. HP: 14/14 MP: 1/1
   195 | D:1      | Reached XP level 2. HP: 19/19 MP: 2/2
   369 | D:1      | Reached skill level 3 in Maces & Flails
   987 | D:2      | Reached XP level 3. HP: 23/23 MP: 3/3
  1104 | D:2      | Reached skill level 4 in Maces & Flails
  1222 | D:2      | Reached XP level 4. HP: 28/28 MP: 4/4
  1287 | D:2      | Found a shattered altar of Ashenzari.
  1664 | D:2      | Noticed Jessica
  1667 | D:2      | Killed Jessica
  1939 | D:3      | Noticed a +0 hand axe
  1939 | D:3      | Noticed a +3 dagger
  1942 | D:3      | Found a hide-covered altar of Uskayaw.
  1967 | D:3      | Reached skill level 5 in Maces & Flails
  1993 | D:3      | Reached XP level 5. HP: 27/32 MP: 5/5
  2739 | D:4      | Reached skill level 6 in Maces & Flails
  2739 | D:4      | Reached XP level 6. HP: 34/37 MP: 6/6
  2763 | D:4      | Found a glowing drain.
  2784 | Sewer    | Entered a sewer
  3058 | Sewer    | Reached skill level 7 in Maces & Flails
  3060 | Sewer    | Got a spiked leather armour
  3071 | Sewer    | Identified the cursed +1 leather armour of Darkness {MR-
                  | rCorr Dex+6 SInv} (You found it in a sewer)
  3337 | D:4      | Reached XP level 7. HP: 35/41 MP: 7/7
  3460 | D:4      | Noticed Edmund
  3480 | D:4      | HP: 1/41 [orc priest/divine providence (12)]
  3491 | D:4      | Slain by Edmund

Illustrated notes

Levels and vault maps discovered:
D:1:      mainiacjoe_arrival_reflecting_pool, layout_basic, minmay_tetromino_l4
D:2:      layout_basic, nicolae_ashenzari_panopticon, uniq_jessica
D:3:      layout_loops_ring, dancing_weapons_uskayaw, serial_glass,
          glass_columns_a, glass_columns_a, kennysheep_generic_room_11
D:4:      layout_cave_pools, grunt_temple_overflow_holy_war,
          portal_sewer_entry_b, uniq_edmund

Skill      XL: |  1  2  3  4  5  6 |
---------------+-------------------+-----
Maces & Flails | 3 4 5 6 7 |  7.3
Fighting       | |  3.2
Armour         | |  3.2
Shields        | |  3.2

Action                   |  1- 3 |  4- 6 |  7- 9 || total
-------------------------+-------+-------+-------++-------
Melee: Flail             |   131 |   275 |    25 ||   431
  Use: Scroll            |       |     7 |       ||     7
       Potion            |       |       |     2 ||     2
Armor: Scale mail        |    66 |    27 |       ||    93
       Plate armour      |       |   212 |       ||   212
       Leather armour    |       |       |     8 ||     8
       Skin              |       |       |     2 ||     2
Dodge: Dodged            |    33 |    50 |    10 ||    93
Block: Kite shield       |    77 |   155 |    12 ||   244

Table legend: (Time is in decaauts)
 A = Elapsed time spent in this place.
 B = Non-inter-level travel time spent in this place.
 C = Inter-level travel time spent in this place.
 D = Time resting spent in this place.
 E = Time spent auto-exploring this place.
 F = Levels seen in this place.
 G = Mean time per level.
                   A        B        C        D        E       F      G
               +--------+--------+--------+--------+--------+-----+--------+
         Total |   3683 |   3573 |    110 |      0 |   2658 |   5 |  736.6 |
       Dungeon |   3075 |   2965 |    110 |      0 |   2237 |   4 |  768.8 |
         Sewer |    607 |    607 |      0 |      0 |    421 |   1 |  607.0 |
               +--------+--------+--------+--------+--------+-----+--------+

Top non-repeatable levels by time:
     D:1: 974 daAuts
     D:3: 965 daAuts
     D:2: 852 daAuts
   Sewer: 607 daAuts
     D:4: 283 daAuts
